 Dungeon Crawl Stone Soup version 0.25-b1-46-gb8a1ec05df (webtiles) character file.

Game seed: 13062642943836976696

6719 gruber the Blocker (level 11, -8/62 HPs)
             Began as a Vine Stalker Fighter on June 9, 2020.
             Was a Priest of Makhleb.
             Mangled by a white ugly thing (28 damage)
             ... on level 9 of the Dungeon.
             The game lasted 00:10:13 (8388 turns).

gruber the Blocker (Vine Stalker Fighter)           Turns: 8388, Time: 00:10:13

Health: -8/62      AC: 11    Str: 21    XL:     11   Next: 4%
Magic:  0/12       EV:  8    Int:  8    God:    Makhleb [***...]
Gold:   406        SH: 12    Dex: 15    Spells: 10/10 levels left

rFire    + . .     SeeInvis .   m - +0 short sword (venom)
rCold    . . .     Gourm    .   c - +0 kite shield
rNeg     . . .     Faith    .   b - +0 scale mail
rPois    .         Spirit   +   (no helmet)
rElec    .         Reflect  .   y - +1 cloak {rCorr}
rCorr    +         Harm     .   (no gloves)
MR       +....                  t - +0 pair of boots
Stlth    ..........             x - amulet of regeneration
HPRegen  1.00/turn              C - ring of protection from fire
MPRegen  0.13/turn              (no ring)

@: mighty
A: fangs 3, regeneration 1, magic shield, antimagic bite, no potion heal 3, rot
immunity
a: Minor Destruction, Lesser Servant of Makhleb, Renounce Religion


You were on level 9 of the Dungeon.
You worshipped Makhleb.
Makhleb was most pleased with you.
You were hungry.

You visited 2 branches of the dungeon, and saw 10 of its levels.
You also visited: Ossuary.

You collected 406 gold pieces.

Inventory:

Hand Weapons
 a - a +0 long sword
 m - a +0 short sword of venom (weapon)
 r - a +3 flail of holy wrath
 M - a +2 falchion of flaming
Armour
 b - a +0 scale mail (worn)
 c - a +0 kite shield (worn)
 t - a +0 pair of boots (worn)
 y - a +1 cloak of preservation (worn)
Jewellery
 x - an amulet of regeneration (around neck)
 C - a ring of protection from fire (left hand)
 F - an uncursed ring of protection from magic {unknown}
 H - an uncursed amulet of reflection {unknown}
Wands
 z - a wand of polymorph (11)
 N - a wand of disintegration (11)
Scrolls
 e - 3 scrolls of blinking {unknown}
 g - 7 scrolls of enchant armour {unknown}
 h - 3 scrolls of magic mapping {unknown}
 i - 10 scrolls of identify {unknown}
 j - 3 scrolls of remove curse {unknown}
 l - 2 scrolls of noise {unknown}
 p - 2 scrolls of amnesia {unknown}
 q - 4 scrolls of teleportation {unknown}
 u - a scroll of fear {unknown}
 w - 4 scrolls of fog {unknown}
 D - a scroll of torment {unknown}
 J - a scroll of acquirement {unknown}
Potions
 k - 5 potions of degeneration {unknown}
 n - 4 potions of curing
 o - a potion of lignification {unknown}
 s - 3 potions of heal wounds {unknown}
 v - a potion of stabbing {unknown}
 A - 2 potions of berserk rage {unknown}
 B - 3 potions of resistance {unknown}
 E - 2 potions of flight {unknown}
 G - 3 potions of cancellation {unknown}
 I - a potion of brilliance {unknown}
 K - 2 potions of haste {unknown}
Comestibles
 f - 17 rations


   Skills:
 - Level 9.0 Fighting
 * Level 5.5 Long Blades
 - Level 6.1 Armour
 - Level 10.0 Shields


You had 10 spell levels left.
You didn't know any spells.
Your spell library contained the following spells:

 Spells                   Type           Power        Failure   Level  Hunger
 Animate Skeleton         Necr           N/A          91%         1    ##.....
 Apportation              Tloc           #.....       91%         1    ##.....
 Corona                   Hex            #......      91%         1    ##.....
 Summon Small Mammal      Summ           #...         91%         1    ##.....


Dungeon Overview and Level Annotations

Branches:
Dungeon (9/15)             Temple (1/1) D:6             Orc (0/2) D:9
Ossuary (visited)
   Lair: D:8-11

Altars:
Ashenzari
Cheibriados
Dithmenos
Elyvilon
Fedhas
Gozag
Hepliaklqana
Kikubaaqudgha
Makhleb
Nemelex Xobeh
Okawaru
Qazlal
Ru
Sif Muna
Trog
Uskayaw
Vehumet
Wu Jian
Xom
Yredelemnul
Zin
The Shining One
Beogh

Shops:
D:4 :*:(

Annotations:
D:7 1 runed translucent door, HiStorm4nn's ghost, novice FeTm


Innate Abilities, Weirdness & Mutations

You have razor-sharp teeth.
Your natural rate of healing is unusually fast.
When hurt, damage is shared between your health and your magic reserves.
Your bite disrupts and absorbs the magic of your enemies.
Potions cannot restore your health.
You are immune to rotting.


Message History

You are too injured to fight recklessly!
You are too injured to fight recklessly!
Found a ration.
You see here a ration.
f - 17 rations (gained 1)
The orc warrior barely misses you.
The orc warrior looks more healthy.
You block the orc warrior's attack.
You are feeling hungry.
You block the orc warrior's attack. You block the orc warrior's attack.
The orc warrior barely misses you. You block the orc warrior's attack.
The orc priest mumbles some strange prayers to Beogh against you.
Beogh smites you!
A white ugly thing comes into view.
The white ugly thing gurgles horribly!
The white ugly thing pecks you! The white ugly thing freezes you!!
An orc opens the door.
You feel very mighty all of a sudden. The white ugly thing pecks you.
The white ugly thing freezes you!!
You die...

...........#.....#
...........#.....#
...........#.....#
..##########.....#+#####
..#.....o....[..........
..#..######..####.......
..#......o...# .......#...
..#......o.o.####.......#... .##
###........oo.oo@u......#... ....
##########'############...##...
## #............. ........#... .#
#............. ........#... ≈#
#............. ........#...
.####.####.....#############'#...
≈..##.##########.................
.#÷............÷.###..###.....<..
≈#.............#.# #..# #..###...


You could see a white ugly thing, 2 orc warriors, an orc priest and 4 orcs.

Vanquished Creatures
  A hydra (D:9)
  A two-headed ogre (D:8)
  2 dream sheep (D:9)
  7 yaks (D:9)
  A hungry ghost (D:9)
  A steam dragon (D:8)
  Edmund (D:4)
  A water moccasin (D:6)
  A necrophage (D:8)
  An ice beast (D:9)
  5 orc warriors
  4 ogres
  A phantom (D:8)
  An eye of draining (D:9)
  5 centaurs
  4 big kobolds
  4 bullfrogs
  A scorpion (D:6)
  2 vampire bats (D:4)
  2 crimson imps
  4 bullfrog zombies
  2 jellies
  2 orc priests
  3 hounds
  Crazy Yiuf (D:4)
  2 orc wizards
  A bullfrog skeleton (D:7)
  11 mummies (Ossuary)
  3 iguanas
  4 worker ants
  2 killer bee zombies (Ossuary)
  3 hound zombies (Ossuary)
  A hound skeleton (D:9)
  A howler monkey zombie (Ossuary)
  8 gnolls
  A howler monkey skeleton (D:7)
  8 adders
  2 shadow imps
  2 oozes (D:1)
  3 worms
  An adder skeleton (D:7)
  3 dart slugs
  3 leopard geckos
  30 orcs
  2 bat skeletons (D:4)
  4 bat zombies (D:4)
  6 giant cockroaches
  5 goblins
  2 hobgoblins
  5 jackals
  13 kobolds
  3 quokkas
  4 ball pythons
  6 bats
  5 frilled lizards
  2 giant cockroach zombies (Ossuary)
  2 leopard gecko zombies (Ossuary)
  A quokka zombie (Ossuary)
  2 rats (D:2)
209 creatures vanquished.

Vanquished Creatures (others)
  A withered plant (Ossuary)
1 creature vanquished.

Grand Total: 210 creatures vanquished

Notes
Turn   | Place    | Note
-------+----------+-------------------------------------------
     0 | D:1      | gruber the Vine Stalker Fighter began the quest for the
                  | Orb.
     0 | D:1      | Reached XP level 1. HP: 11/11 MP: 2/2
    70 | D:1      | Reached XP level 2. HP: 11/16 MP: 3/3
   289 | D:1      | Reached XP level 3. HP: 9/21 MP: 1/4
  1012 | D:2      | Found a shimmering altar of Xom.
  1445 | D:2      | Gained mutation: Your natural rate of healing is unusually
                  | fast. [Vine Stalker growth]
  1445 | D:2      | Reached XP level 4. HP: 21/26 MP: 5/5
  1716 | D:2      | Reached skill level 5 in Fighting
  1747 | D:2      | Reached XP level 5. HP: 30/30 MP: 6/6
  3046 | D:3      | Found a glowing golden altar of the Shining One.
  3115 | D:4      | Found Deacet's Book Boutique.
  3116 | D:4      | Found Xusyuh's Weapon Shop.
  3128 | D:4      | Reached XP level 6. HP: 27/36 MP: 4/7
  3355 | D:4      | Found an ancient bone altar of Kikubaaqudgha.
  3423 | D:4      | Found Ophaysei's General Store.
  3451 | D:4      | Noticed Edmund
  3460 | D:4      | Killed Edmund
  3460 | D:4      | Reached XP level 7. HP: 40/40 MP: 8/8
  3527 | D:4      | Found Qeuppog's Book Shop.
  3541 | D:4      | Found a hide-covered altar of Uskayaw.
  3544 | D:4      | Found a sparkling altar of Nemelex Xobeh.
  3669 | D:4      | Found a runed translucent door.
  3670 | D:4      | Noticed Crazy Yiuf
  3845 | D:4      | Found a glowing silver altar of Zin.
  4014 | D:4      | Killed Crazy Yiuf
  4014 | D:4      | Reached skill level 5 in Armour
  4070 | D:5      | Entered Level 5 of the Dungeon
  4332 | D:5      | Found a blossoming altar of Fedhas.
  4359 | D:5      | Gained mutation: You have razor-sharp teeth. [Vine Stalker
                  | growth]
  4359 | D:5      | Reached XP level 8. HP: 17/44 MP: 9/9
  4806 | D:6      | Reached skill level 3 in Shields
  4844 | D:6      | Reached skill level 4 in Shields
  5019 | D:6      | Found a staircase to the Ecumenical Temple.
  5031 | D:6      | Reached skill level 5 in Shields
  5139 | D:6      | Found a stormy altar of Qazlal.
  5254 | Temple   | Entered the Ecumenical Temple
  5382 | Temple   | Became a worshipper of Makhleb the Destroyer
  5486 | D:7      | Found a runed translucent door.
  5486 | D:7      | Found a shimmering altar of Xom.
  5486 | D:7      | Noticed a +1 mace of chaos
  5486 | D:7      | Noticed HiStorm4nn's ghost (novice FeTm)
  5531 | D:7      | Found a sand-covered staircase.
  5577 | Ossuary  | Entered an ossuary
  5736 | Ossuary  | Reached skill level 6 in Shields
  5783 | Ossuary  | Reached XP level 9. HP: 48/48 MP: 10/10
  5795 | Ossuary  | Reached * piety under Makhleb
  6008 | D:7      | Reached skill level 7 in Shields
  6300 | D:7      | Found a shimmering blue altar of Sif Muna.
  6519 | D:8      | Reached skill level 8 in Shields
  6704 | D:8      | Reached ** piety under Makhleb
  7065 | D:8      | Noticed a two-headed ogre
  7078 | D:8      | Killed a two-headed ogre
  7078 | D:8      | Reached skill level 9 in Shields
  7177 | D:8      | Reached XP level 10. HP: 53/53 MP: 11/11
  7311 | D:8      | Reached skill level 10 in Shields
  7769 | D:9      | Noticed a three-headed hydra
  7775 | D:9      | Killed a one-headed hydra
  8288 | D:9      | Found a roughly hewn altar of Beogh.
  8288 | D:9      | Found a staircase to the Orcish Mines.
  8319 | D:9      | Reached skill level 5 in Long Blades
  8319 | D:9      | Reached XP level 11. HP: 50/62 MP: 9/12
  8326 | D:9      | Reached *** piety under Makhleb
  8384 | D:9      | Noticed a white ugly thing
  8388 | D:9      | Mangled by a white ugly thing

Illustrated notes

Levels and vault maps discovered:
D:1:      dpeg_arrival_short_road, layout_rooms
D:2:      layout_loops_corners, xom_teletrap_fun
D:3:      layout_loops_corners, nicolae_tso_swordbearing_angel
D:4:      layout_loops_ring, nicolae_overflow_hidden_temple,
          kennysheep_vampire_church, serial_shops, shop_fountains, shop, shop,
          nicolae_shop_crystal, minmay_starry_boxes, uniq_edmund,
          uniq_crazy_yiuf_cottage
D:5:      layout_basic, first_ration, fedhas_altar_1
D:6:      layout_loops_ring, temple_statues, nicolae_qazlal_general_emergency
D:7:      layout_basic, led_sif_pool, ebering_ghost_xom,
          lightli_ossuary_entry_decrepit_ruins
D:8:      layout_layer_cave
D:9:      layout_stronghold, david_orc_5, hangedman_ranch
          [blue_anna_fruit_fields]
Temple:   jpeg_temple_clearing

Skill      XL: |  1  2  3  4  5  6  7  8  9 10 |
---------------+-------------------------------+-----
Fighting       | 3 4 5 6 9 |  9.0
Armour         | 4 5 6 |  6.1
Shields        | 6 9 10 | 10.0
Long Blades    | 5 |  5.5

Action                   |  1- 3 |  4- 6 |  7- 9 | 10-12 || total
-------------------------+-------+-------+-------+-------++-------
Melee: Long sword        |   106 |   154 |    22 |     4 ||   286
       Bite              |    25 |    36 |   129 |    82 ||   272
       Short sword       |       |       |   233 |   138 ||   371
       Flail             |       |       |    83 |       ||    83
       Falchion          |       |       |       |    67 ||    67
  Use: Potion            |       |     1 |       |     1 ||     2
  Eat: Chunk             |     2 |     6 |     9 |     6 ||    23
       Ration            |       |       |     1 |       ||     1
Armor: Scale mail        |    43 |    81 |   102 |    51 ||   277
Dodge: Dodged            |    31 |    65 |    84 |    47 ||   227
Block: Kite shield       |    55 |   102 |   174 |   134 ||   465
       Rpst.: Long sword |     9 |    17 |     3 |       ||    29
       Falchion          |       |       |       |     4 ||     4
